Map: Emerald City LE

Players

xTreame

  • Race: Protoss Protoss
  • League: Platinum

BadFrog

  • Race: Protoss Protoss
  • League: Diamond

qqq

  • Race: Zerg Zerg

Massa

  • Race: Terran Terran
  • League: Platinum

VOD

Have the link to the VOD?

Description

Time

  • Played on: April 10, 2021, 4:38 p.m.
  • Length: 20:06
Show
View Real Time Build Order
Export as new Build Order

xTreame Protoss 

Build Orders: 1 Gate Expand, Double Forge, Chargelot Immortal 

Get SALT Encoding   

  12  0:00  Probe  
  13  0:12  Probe  
  14  0:18  Pylon  
  14  0:24  Probe  
  15  0:36  Probe  
  15  0:38  Gateway  
  16  0:45  Assimilator  
  16  0:49  Probe  
  17  1:01  Probe  
  18  1:13  Probe (Chrono Boost)  
  19  1:25  Probe (Chrono Boost)  
  20  1:36  Nexus  
  20  1:38  Probe, Cybernetics Core  
  21  1:45  Pylon  
  21  1:50  Probe  
  22  1:55  Assimilator  
  22  2:02  Probe, Zealot (Chrono Boost)  
  25  2:14  Probe  
  26  2:21  Sentry  
  28  2:25  Pylon  
  28  2:26  Probe  
  29  2:34  Warp Gate  
  29  2:38  Probe (Chrono Boost)  
  30  2:47  Stalker  
  30  2:48  Probe (Chrono Boost)  
  30  2:50  Forge  
  33  2:52  Probe (Chrono Boost)  
  34  3:02  Shield Battery  
  34  3:04  Probe (Chrono Boost)  
  36  3:09  Probe (Chrono Boost)  
  36  3:14  Probe (Chrono Boost)  
  37  3:22  Protoss Ground Weapons Level 1 (Chrono Boost), Robotics Facility  
  37  3:24  Photon Cannon  
  37  3:30  Probe x2  
  39  3:36  Stalker  
  41  3:42  Probe  
  41  3:46  Pylon  
  42  3:50  Pylon  
  42  3:57  Probe x2  
  44  4:05  Assimilator  
  44  4:06  Immortal (Chrono Boost)  
  44  4:09  Probe x2  
  50  4:21  Probe x2  
  52  4:25  Forge  
  49  4:43  Immortal (Chrono Boost)  
  47  4:54  Zealot  
  43  5:09  Immortal (Chrono Boost)  
  43  5:12  Gateway  
  43  5:13  Gateway  
  47  5:15  Gateway  
  47  5:22  Protoss Ground Armor Level 1 (Chrono Boost)  
  47  5:35  Twilight Council  
  47  5:37  Probe x2  
  49  5:45  Assimilator  
  49  5:49  Probe, Nexus  
  50  5:52  Pylon  
  50  5:53  Gateway  
  50  5:54  Gateway, Pylon  
  50  5:58  Pylon  
  50  5:59  Pylon  
  50  6:01  Pylon  
  50  6:02  Protoss Shields Level 1  
  50  6:04  Pylon  
  50  6:14  Templar Archives  
  50  6:19  Zealot x4  
  58  6:36  Immortal (Chrono Boost)  
  58  6:38  Charge (Chrono Boost)  
  62  6:46  Zealot x4  
  70  7:06  Nexus  
  70  7:09  Pylon  
  70  7:10  Pylon  
  70  7:11  Gateway x2  
  70  7:12  Observer (Chrono Boost)  
  70  7:14  Robotics Bay  
  71  7:19  Probe x2  
  73  7:27  Protoss Ground Weapons Level 2 (Chrono Boost)  
  73  7:31  Probe x2  
  73  7:35  Shield Battery  
  75  7:40  Shield Battery  
  75  7:43  Probe  
  75  7:44  Probe  
  77  7:56  Probe  
  78  8:02  High Templar x2  
  78  8:04  Zealot x4  
  78  8:05  Probe, Protoss Ground Armor Level 2 (Chrono Boost)  
  90  8:08  Probe  
  92  8:18  Probe  
  93  8:20  Probe  
  93  8:22  Colossus  
  101  8:27  Probe (Chrono Boost)  
  101  8:30  Probe (Chrono Boost)  
  101  8:32  Probe (Chrono Boost)  
  103  8:39  Probe (Chrono Boost)  
  103  8:41  Probe (Chrono Boost), Assimilator  
  106  8:42  Probe (Chrono Boost)  
  106  8:43  Assimilator  
  106  8:44  Probe (Chrono Boost), Psionic Storm  
  107  9:06  High Templar, Zealot  
  107  9:07  Zealot x5  
  121  9:15  Colossus (Chrono Boost)  
  127  9:30  Photon Cannon  
  127  9:32  Photon Cannon  
  127  9:37  Photon Cannon  
  127  9:38  Gateway  
  127  9:39  Gateway  
  127  9:41  Gateway, Photon Cannon  
  127  9:45  Gateway  
  127  9:48  Gateway  
  127  9:56  Protoss Ground Weapons Level 3 (Chrono Boost)  
  127  10:06  Colossus (Chrono Boost)  
  127  10:12  Pylon  
  133  10:16  Pylon  
  133  10:18  Pylon  
  133  10:20  Pylon  
  133  10:21  Protoss Shields Level 2 (Chrono Boost)  
  127  10:51  High Templar x2  
  127  10:52  High Templar x2  
  127  10:53  Zealot x9  
  153  11:27  Nexus  
  153  11:28  Photon Cannon  
  153  11:29  Photon Cannon, Pylon  
  153  11:31  Photon Cannon, Pylon  
  153  11:33  Photon Cannon  
  153  11:34  Pylon  
  153  11:41  High Templar x6  
  165  11:51  Robotics Facility  
  165  11:52  Robotics Facility  
  165  11:56  Colossus  
  99  13:27  High Templar  
  99  13:28  High Templar x5  
  99  13:29  High Templar x2  
  99  13:30  Zealot x5  
  125  13:35  Gateway  
  125  13:36  Gateway  
  125  13:39  Gateway  
  125  13:41  Gateway  
  125  13:42  Gateway  
  125  13:44  Assimilator  
  125  13:45  Gateway  
  125  13:48  Assimilator  
  125  13:52  Gateway  
  125  13:53  Gateway  
  125  14:03  Photon Cannon  
  125  14:05  Photon Cannon  
  125  14:07  Photon Cannon x2  
  125  14:08  Immortal x2 (Chrono Boost)  
  125  14:09  Immortal (Chrono Boost)  
  125  14:15  Protoss Ground Armor Level 3 (Chrono Boost)  
  137  14:17  Nexus  
  137  14:19  Pylon  
  137  14:20  Pylon  
  137  14:22  Pylon  
  137  14:23  Pylon, Protoss Shields Level 3 (Chrono Boost)  
  137  14:27  Assimilator  
  137  14:29  Assimilator  
  137  14:39  Zealot x6  
  149  14:54  Immortal  
  148  15:34  Immortal x3  
  160  15:38  High Templar x7  
  160  15:39  Zealot x7  
  148  16:22  Archon x2  
  148  16:23  Archon x2  
  148  16:24  Archon  
  148  16:27  Archon x4  
  148  16:32  Stalker x10  
  158  16:33  Stalker x3  
  154  17:04  Zealot x9  
  154  17:05  Zealot  
  174  17:16  Observer x3  
  161  17:37  Observer  
  156  18:08  High Templar x5  
  156  18:09  High Templar x11  
  156  18:11  Zealot x5  
  192  18:13  Archon x6  
  192  18:14  Archon x2  
  178  19:35  Stalker x11  
Show
View Real Time Build Order
Export as new Build Order

BadFrog Protoss 

Build Orders: 1 Gate Expand, Blink Stalkers 

Get SALT Encoding   

  12  0:00  Probe  
  13  0:12  Probe  
  14  0:18  Pylon  
  14  0:24  Probe  
  15  0:36  Probe (Chrono Boost)  
  15  0:39  Gateway  
  16  0:46  Probe (Chrono Boost)  
  16  0:48  Assimilator  
  17  0:51  Probe (Chrono Boost)  
  18  1:03  Probe  
  19  1:15  Probe  
  20  1:26  Cybernetics Core  
  20  1:34  Nexus  
  20  1:40  Pylon  
  20  1:44  Probe  
  21  1:49  Assimilator  
  21  1:56  Probe  
  21  2:00  Stalker (Chrono Boost)  
  22  2:03  Warp Gate (Chrono Boost)  
  24  2:08  Probe  
  25  2:23  Stalker  
  27  2:36  Twilight Council  
  27  2:40  Probe (Chrono Boost)  
  28  2:46  Probe (Chrono Boost)  
  30  2:53  Stalker  
  30  2:55  Probe x2 (Chrono Boost)  
  30  2:56  Shield Battery  
  33  3:00  Probe (Chrono Boost)  
  33  3:02  Probe  
  35  3:11  Blink (Chrono Boost)  
  36  3:12  Probe  
  36  3:14  Probe  
  37  3:23  Pylon  
  37  3:24  Probe  
  37  3:26  Probe  
  39  3:35  Robotics Facility  
  39  3:37  Probe  
  39  3:41  Probe  
  41  3:45  Sentry  
  43  3:49  Probe (Chrono Boost)  
  43  3:51  Pylon  
  45  3:56  Assimilator  
  45  3:59  Probe (Chrono Boost), Gateway  
  45  4:00  Probe (Chrono Boost)  
  46  4:03  Gateway  
  46  4:05  Probe (Chrono Boost)  
  46  4:06  Probe (Chrono Boost)  
  48  4:11  Sentry  
  48  4:15  Probe  
  51  4:17  Probe  
  52  4:26  Observer  
  53  4:42  Stalker  
  52  4:50  Immortal  
  56  4:59  Stalker x2  
  54  5:14  Stalker  
  54  5:17  Probe x2  
  54  5:19  Assimilator  
  58  5:22  Stalker  
  58  5:23  Stalker  
  62  5:35  Gateway  
  62  5:36  Gateway  
  62  5:37  Gateway, Nexus  
  62  5:39  Pylon  
  62  5:44  Pylon  
  62  5:48  Pylon  
  62  5:53  Charge (Chrono Boost)  
  62  5:57  Probe x2, Observer  
  62  5:58  Stalker x2  
  69  6:09  Probe  
  70  6:14  Shield Battery  
  70  6:21  Immortal (Chrono Boost)  
  70  6:25  Stalker x3  
  78  6:35  Shield Battery  
  78  6:45  Shield Battery  
  78  6:48  Nexus  
  78  6:50  Pylon  
  78  6:51  Pylon  
  78  6:54  Pylon  
  78  6:57  Pylon  
  78  6:58  Observer  
  78  6:59  Pylon  
  78  7:03  Robotics Bay  
  78  7:09  Probe x2  
  78  7:10  Sentry  
  78  7:11  Sentry x2  
  78  7:12  Sentry  
  78  7:13  Stalker  
  78  7:14  Sentry  
  92  7:21  Probe x2  
  94  7:34  Forge  
  94  7:39  Shield Battery  
  94  7:41  Shield Battery  
  94  7:45  Stalker x2  
  94  7:46  Probe x2  
  94  7:47  Colossus (Chrono Boost)  
  106  7:54  Extended Thermal Lance  
  107  7:59  Probe (Chrono Boost)  
  107  8:03  Probe (Chrono Boost)  
  107  8:05  Probe (Chrono Boost)  
  109  8:09  Probe (Chrono Boost)  
  109  8:12  Probe (Chrono Boost)  
  112  8:13  Probe (Chrono Boost)  
  112  8:18  Templar Archives  
  112  8:22  Templar Archives  
  112  8:25  Robotics Facility  
  112  8:44  Colossus  
  112  8:47  Probe  
  112  8:48  Probe x2  
  121  8:51  Assimilator x2  
  121  8:53  Photon Cannon  
  121  8:56  Protoss Ground Weapons Level 1  
  121  8:59  Probe  
  121  9:00  Probe x2  
  124  9:12  Probe, Photon Cannon  
  124  9:14  Photon Cannon  
  124  9:15  Observer  
  124  9:17  Photon Cannon  
  125  9:20  Photon Cannon  
  125  9:27  Photon Cannon, Disruptor (Chrono Boost), Nexus  
  125  9:28  Pylon  
  125  9:31  Pylon  
  128  9:37  Disruptor (Chrono Boost)  
  131  9:58  Disruptor (Chrono Boost)  
  134  10:00  Zealot x5  
  134  10:02  Zealot  
  134  10:04  Disruptor (Chrono Boost)  
  149  10:08  Gateway  
  149  10:09  Gateway  
  149  10:11  Gateway  
  149  10:14  Gateway  
  118  10:42  Observer x2 (Chrono Boost)  
  106  10:45  Zealot x6  
  118  10:57  Observer (Chrono Boost)  
  118  10:58  Observer (Chrono Boost)  
  120  11:12  Observer (Chrono Boost)  
  120  11:13  Observer (Chrono Boost)  
  120  11:15  Probe x2  
  124  11:20  Photon Cannon  
  124  11:22  Photon Cannon  
  124  11:23  Probe x2  
  124  11:25  Photon Cannon  
  126  11:26  Assimilator  
  126  11:27  Probe, Disruptor x2  
  126  11:30  Assimilator  
  133  11:34  Photon Cannon  
  133  11:36  Photon Cannon  
  133  11:37  Shield Battery, Stalker x4  
  133  11:38  Stalker x2  
  133  11:39  Shield Battery  
  145  11:40  Zealot x4  
  145  11:42  Shield Battery  
  153  11:48  Photon Cannon  
  153  11:50  Photon Cannon  
  153  11:51  Templar Archives  
  153  12:04  Warp Prism x2  
  152  12:24  Protoss Ground Weapons Level 2 (Chrono Boost)  
  152  12:27  Pylon  
  152  12:30  Pylon  
  152  12:37  High Templar x2  
  152  12:41  Archon  
  156  12:44  Colossus  
  156  12:47  Colossus (Chrono Boost)  
  168  12:53  Stalker x2  
  172  12:59  Pylon  
  172  13:01  Pylon  
  172  13:04  Photon Cannon  
  171  13:06  Photon Cannon  
  171  13:08  Photon Cannon  
  171  13:10  Photon Cannon  
  150  13:23  Zealot x2  
  144  13:29  Gateway  
  144  13:33  Stalker x5  
  152  13:34  Stalker  
  152  13:35  Zealot  
  152  13:36  Disruptor (Chrono Boost), Zealot  
  152  13:38  Disruptor (Chrono Boost)  
  164  14:01  Nexus  
  164  14:03  Disruptor (Chrono Boost), High Templar x2  
  164  14:04  High Templar x4, Disruptor (Chrono Boost), Assimilator  
  164  14:05  High Templar  
  164  14:06  High Templar  
  164  14:08  Assimilator  
  186  14:10  Archon x2, Pylon  
  186  14:11  Archon  
  186  14:12  Archon  
  186  14:13  Pylon  
  186  14:19  Robotics Facility  
  186  14:27  Dark Shrine  
  186  14:31  Immortal  
  186  14:33  Immortal  
  194  14:40  Zealot x2  
  194  14:41  Zealot  
  200  14:54  Pylon  
  176  15:41  Immortal (Chrono Boost)  
  176  15:42  Immortal x2 (Chrono Boost)  
  100  16:00  High Templar x2  
  100  16:01  High Templar x4  
  100  16:02  High Templar x2  
  100  16:03  Stalker x3  
  122  16:06  Archon x3  
  122  16:08  Archon  
  122  16:11  Immortal x3 (Chrono Boost)  
  134  16:19  Photon Cannon  
  134  16:21  Photon Cannon  
  134  16:23  Photon Cannon  
  134  16:24  Shield Battery  
  134  16:26  Shield Battery  
  134  16:29  Photon Cannon  
  134  16:34  Stalker x5  
  134  16:35  Stalker  
  146  16:40  Immortal x3  
  158  17:20  Observer x3  
  142  17:49  Stalker x9  
  142  17:50  Stalker x2  
  152  17:59  Observer x3  
  155  18:09  Gateway  
  155  18:10  Gateway  
  155  18:11  Gateway  
  155  18:13  High Templar  
  155  18:14  High Templar x3  
  155  18:15  High Templar x3  
  155  18:16  High Templar x3  
  155  18:17  High Templar  
  177  18:20  Archon x4  
  177  18:21  Archon  
  177  18:38  High Templar  
  177  18:39  High Templar  
  177  18:40  High Templar  
  177  18:41  Zealot x4  
  185  18:42  Zealot x2  
  185  18:44  Archon x2  
  195  18:50  Zealot x2  
Show
View Real Time Build Order
Export as new Build Order

qqq Zerg 

Build Orders: Hatch First, Lurkers 

Get SALT Encoding   

  12  0:02  Drone  
  13  0:10  Drone  
  14  0:22  Overlord  
  14  0:46  Hatchery  
  14  0:50  Drone  
  14  0:53  Drone  
  15  1:00  Drone  
  15  1:02  Drone  
  17  1:15  Drone  
  18  1:24  Spawning Pool  
  18  1:25  Extractor  
  16  1:32  Drone  
  17  1:50  Drone x2  
  19  1:58  Drone  
  19  2:00  Drone  
  21  2:07  Drone  
  22  2:11  Drone, Queen x2  
  27  2:17  Drone  
  27  2:20  Overlord  
  27  2:30  Drone  
  27  2:32  Overlord  
  28  2:37  Evolution Chamber  
  28  2:39  Drone  
  28  2:48  Metabolic Boost  
  28  2:54  Drone x2  
  28  2:55  Zergling x2  
  31  3:00  Drone  
  32  3:11  Drone  
  33  3:13  Drone  
  33  3:15  Hatchery  
  33  3:16  Zergling x2  
  34  3:21  Zergling x4  
  34  3:22  Zergling x2  
  37  3:28  Zerg Melee Weapons Level 1  
  37  3:32  Overlord  
  38  3:34  Zergling x2  
  38  3:36  Zergling x2  
  39  3:42  Zergling x4  
  39  3:44  Zergling x2  
  42  3:56  Zergling x6, Overlord  
  42  3:57  Zergling x4  
  42  3:58  Zergling x2  
  48  4:05  Lair  
  48  4:07  Zergling x2  
  48  4:09  Zergling x2  
  50  4:13  Zergling x2  
  50  4:15  Overlord  
  51  4:27  Zergling x2, Overlord  
  51  4:37  Zergling x6  
  51  4:38  Zergling x2  
  44  4:53  Zergling x12  
  44  4:54  Zergling x4  
  51  5:04  Zergling x4  
  51  5:05  Zergling x2  
  53  5:14  Queen  
  50  5:21  Drone x2, Zergling x2  
  51  5:28  Zerg Melee Weapons Level 2  
  52  5:32  Drone x2, Zergling x2  
  52  5:33  Zergling x2  
  57  5:42  Zergling x2, Infestation Pit  
  57  5:43  Zergling x2  
  57  5:44  Zergling x2  
  57  5:45  Hatchery, Zergling x2  
  57  5:46  Drone  
  57  5:49  Drone  
  60  5:57  Zergling x2  
  60  5:58  Drone, Zergling x4  
  60  5:59  Zergling x2  
  62  6:18  Extractor  
  62  6:23  Zergling x10  
  62  6:24  Zergling x10  
  69  6:31  Drone x6  
  69  6:32  Drone  
  76  6:43  Drone x4  
  80  6:51  Hydralisk Den  
  80  6:52  Drone x2  
  81  6:59  Extractor  
  80  7:06  Hive  
  80  7:07  Drone x4  
  80  7:08  Drone x3  
  87  7:10  Extractor  
  86  7:17  Overlord x3  
  86  7:23  Drone  
  87  7:35  Queen  
  89  7:39  Hydralisk, Lurker Den  
  89  7:40  Drone x3  
  89  7:41  Drone x3, Overlord x2  
  89  7:42  Overlord  
  96  7:51  Zerg Missile Weapons Level 1  
  96  7:54  Overlord x3  
  96  7:55  Drone  
  96  7:56  Drone  
  98  8:01  Extractor  
  98  8:02  Extractor  
  96  8:11  Muscular Augments  
  96  8:14  Drone  
  96  8:15  Drone x2, Hydralisk x3  
  96  8:16  Hydralisk  
  107  8:20  Overlord  
  107  8:21  Overlord  
  107  8:29  Hydralisk x3  
  113  8:56  Ultralisk Cavern  
  113  9:00  Overseer  
  112  9:03  Lurker x3  
  112  9:08  Hydralisk  
  112  9:09  Zergling x6  
  121  9:10  Drone x6  
  121  9:14  Extractor  
  125  9:20  Spore Crawler  
  125  9:21  Drone x2, Hydralisk x3  
  125  9:22  Spine Crawler, Hydralisk  
  125  9:23  Spine Crawler  
  132  9:31  Lurker  
  133  9:34  Seismic Spines  
  133  9:45  Zerg Ground Armor Level 1  
  133  9:47  Drone  
  133  9:50  Drone x8, Overlord  
  133  9:52  Hydralisk, Evolution Chamber  
  143  10:05  Anabolic Synthesis  
  143  10:09  Hydralisk  
  143  10:10  Overlord x2  
  143  10:11  Zergling x4  
  105  10:42  Ultralisk x3  
  119  10:43  Drone x3  
  119  10:44  Drone x5  
  119  10:46  Extractor  
  119  10:48  Chitinous Plating  
  119  10:49  Lurker  
  127  10:56  Lurker  
  128  10:58  Lurker  
  123  11:15  Baneling Nest  
  122  11:20  Infestor x2  
  126  11:30  Hydralisk x2  
  136  11:32  Ultralisk  
  136  11:33  Zergling x8  
  136  11:34  Drone x2, Zergling x2  
  143  11:57  Ultralisk x2  
  154  12:04  Spire  
  154  12:06  Zergling x8  
  154  12:08  Drone x2  
  159  12:14  Baneling x3  
  159  12:15  Baneling x8  
  157  12:16  Baneling  
  139  12:41  Hatchery  
  138  12:45  Ultralisk x2  
  138  12:46  Drone x3  
  138  12:47  Drone x6  
  138  12:48  Drone x4  
  155  13:00  Zerg Ground Armor Level 2  
  155  13:01  Zerg Melee Weapons Level 3  
  131  13:24  Hydralisk x2  
  131  13:25  Hydralisk  
  131  13:26  Ultralisk  
  143  13:27  Drone, Zergling x4  
  143  13:28  Drone x7  
  143  13:29  Drone  
  154  14:01  Greater Spire  
  154  14:05  Hydralisk x3, Ultralisk  
  154  14:06  Zergling x4  
  154  14:07  Drone x3, Zergling x2  
  154  14:08  Zergling x4  
  174  14:19  Queen  
  176  14:29  Hatchery  
  175  14:32  Drone x2, Overlord x2  
  175  14:34  Corruptor x4  
  185  14:40  Overseer  
  185  14:41  Overseer  
  185  14:43  Lurker x3  
  185  14:44  Lurker  
  189  14:47  Adaptive Talons  
  189  14:51  Zergling x2  
  189  14:52  Zergling x4  
  192  14:53  Ultralisk  
  195  15:07  Hatchery  
  194  15:27  Brood Lord x3  
  174  15:39  Corruptor  
  174  15:40  Corruptor x3  
  174  15:41  Zergling x4  
  174  15:42  Drone x3, Zergling x6  
  181  15:43  Zergling x4  
  175  16:01  Zergling x4, Ultralisk  
  175  16:02  Zergling x8, Ultralisk x2  
  175  16:04  Corruptor  
  173  16:09  Zergling x6  
  173  16:10  Zergling x4  
  158  16:13  Corruptor x2  
  158  16:15  Drone x2, Zergling x2  
  154  16:42  Corruptor x2  
  154  16:46  Brood Lord x2  
  154  16:47  Brood Lord  
  160  16:48  Zergling x2  
  160  16:49  Drone x4, Zergling x4  
  160  16:50  Drone x5  
  160  16:52  Extractor  
  160  16:53  Extractor  
  170  17:00  Brood Lord  
  169  17:01  Brood Lord  
  169  17:03  Zergling x2  
  169  17:04  Drone x6  
  169  17:05  Drone  
  179  17:12  Spine Crawler x2  
  179  17:13  Spine Crawler  
  179  17:15  Spine Crawler  
  175  17:17  Spine Crawler  
  145  17:37  Hydralisk  
  145  17:38  Hydralisk x4  
  145  17:43  Ultralisk  
  145  17:44  Zergling x8, Ultralisk x2  
  169  17:47  Brood Lord  
  175  17:54  Ultralisk  
  181  18:05  Lurker x2  
  180  18:18  Ultralisk x2  
  180  18:19  Zergling x4  
  190  18:24  Overlord  
  190  18:25  Overlord x3  
  189  18:39  Lurker  
  190  18:57  Brood Lord x2  
  190  18:58  Corruptor x3  
  128  19:34  Hydralisk x4  
  128  19:35  Hydralisk x7  
  128  19:36  Hydralisk  
  152  19:41  Brood Lord x2  
  120  19:57  Spine Crawler  
  120  19:58  Spine Crawler  
  115  20:00  Spine Crawler x3  
  115  20:01  Spine Crawler, Lurker  
  115  20:02  Spine Crawler  
Show
View Real Time Build Order
Export as new Build Order

Massa Terran 

Build Orders: 2 Factory, Cyclone Opening 

Get SALT Encoding   

  12  0:00  SCV  
  13  0:12  SCV  
  14  0:23  Supply Depot  
  14  0:24  SCV  
  15  0:31  Refinery  
  15  0:45  SCV, Barracks  
  16  0:58  SCV  
  17  1:10  SCV  
  18  1:22  Refinery, SCV  
  19  1:35  Factory  
  19  1:41  Supply Depot  
  19  1:42  Orbital Command  
  19  2:01  Factory  
  19  2:07  Barracks Tech Lab  
  19  2:09  SCV  
  20  2:22  SCV  
  21  2:31  Cyclone  
  21  2:32  Barracks Tech Lab  
  21  2:35  SCV  
  25  2:47  SCV, Supply Depot  
  26  2:57  Cyclone  
  29  3:09  Cyclone, SCV  
  33  3:29  Cyclone  
  33  3:33  Command Center  
  36  3:43  Cyclone  
  39  3:50  Supply Depot  
  39  3:52  Supply Depot  
  39  4:09  Mag-Field Accelerator  
  39  4:12  SCV  
  40  4:23  Engineering Bay  
  40  4:24  SCV  
  41  4:36  SCV  
  33  5:12  Cyclone x2  
  36  5:25  Barracks Tech Lab  
  36  5:26  Orbital Command  
  36  5:27  SCV  
  37  5:33  Barracks  
  37  5:37  Barracks  
  37  5:39  SCV, Barracks  
  37  5:42  Barracks  
  38  5:45  Stimpack  
  38  5:50  Marauder  
  38  5:54  SCV x2  
  42  5:57  Terran Infantry Weapons Level 1  
  42  6:00  Engineering Bay  
  42  6:03  Armory  
  42  6:06  SCV x2  
  42  6:07  Missile Turret  
  42  6:09  Sensor Tower  
  41  6:29  Missile Turret  
  38  6:45  SCV  
  38  6:46  SCV  
  40  6:49  Refinery  
  40  6:51  Refinery, Barracks Tech Lab x2, Barracks Reactor  
  40  6:52  Barracks Reactor  
  40  6:54  Marine  
  40  6:56  Siege Tank  
  40  6:58  Widow Mine, SCV x2  
  48  7:10  SCV x2  
  48  7:12  Marine  
  48  7:13  Combat Shield  
  51  7:22  Concussive Shells  
  51  7:33  Marauder x2  
  51  7:34  Marauder  
  51  7:35  Marine x4  
  61  7:38  SCV x2  
  63  7:46  Siege Tank  
  63  7:50  SCV x2  
  68  7:52  Marine  
  68  7:53  Marine  
  68  7:56  Terran Infantry Armor Level 1  
  70  8:02  Supply Depot x2  
  70  8:03  Supply Depot  
  70  8:04  Supply Depot  
  70  8:05  SCV, Marine x2, Supply Depot  
  70  8:06  Marauder x2  
  70  8:09  SCV  
  78  8:19  Starport  
  78  8:23  Marine x4  
  78  8:24  SCV, Marauder  
  78  8:26  Marine  
  85  8:27  Marauder  
  88  8:41  Marine x4  
  88  8:45  Marauder, Marine  
  88  8:47  Terran Infantry Weapons Level 2  
  97  8:48  Marauder  
  97  8:53  Siege Tank  
  97  8:54  Siege Tank  
  103  8:59  Marine x4  
  104  9:03  Marauder  
  104  9:06  Marauder  
  104  9:09  Marine  
  109  9:17  Marine x4  
  109  9:20  Starport Reactor  
  113  9:24  Marauder  
  113  9:28  Marauder  
  117  9:35  Marine, Supply Depot  
  118  9:40  Supply Depot  
  118  9:43  Supply Depot  
  118  9:44  Supply Depot  
  118  9:46  Supply Depot  
  118  9:49  Missile Turret  
  118  9:56  Marauder, Marine x3, Siege Tank  
  126  10:02  Marauder  
  126  10:18  Marauder  
  82  10:36  Marauder x2, Marine x2  
  82  10:37  Marine x2  
  82  10:38  Siege Tank x2  
  82  10:39  Marauder  
  77  10:50  Medivac x2  
  77  10:54  Marine x2  
  83  10:57  Marauder  
  83  10:58  Marauder  
  83  11:01  Marauder  
  86  11:09  Marine x2  
  86  11:10  Siege Tank  
  91  11:12  Marine x2  
  93  11:19  Marauder x2  
  93  11:20  Viking x2  
  93  11:22  Marauder  
  103  11:27  Marine  
  104  11:40  Marauder  
  104  11:42  Marauder  
  104  11:43  Marauder  
  110  11:54  Command Center  
  110  12:01  Marauder  
  92  12:26  Marauder x3, Marine x4  
  102  12:37  SCV  
  102  12:38  SCV  
  102  12:43  Marine  
  102  12:44  Marine  
  105  12:47  Marauder  
  105  12:49  SCV  
  105  12:50  SCV  
  110  13:02  SCV x2  
  112  13:08  Viking x2  
  98  13:35  Marauder x3  
  98  13:36  Marine x3  
  98  13:38  Viking x2  
  111  13:43  Ghost Academy  
  111  13:44  Planetary Fortress  
  111  13:52  Terran Infantry Armor Level 2, Terran Infantry Weapons Level 3  
  111  13:55  Terran Vehicle And Ship Armor Level 1  
  111  13:57  Marauder x2  
  115  14:23  Command Center  
  115  14:27  Refinery x2  
  115  14:30  Medivac x2  
  119  14:34  SCV x3  
  122  14:46  SCV  
  122  14:52  Enhanced Shockwaves  
  123  14:56  Ghost x2  
  123  14:57  Ghost  
  128  15:00  Medivac x2  
  129  15:25  Ghost x2  
  129  15:26  Command Center  
  106  16:10  Marauder x2  
  106  16:11  Marauder, Marine x4  
  84  16:12  Siege Tank x2  
  92  16:30  Marine  
  92  16:31  Ghost x3  
  97  16:42  Marine  
  97  16:43  Marine x2  
  97  16:44  Siege Tank x2  
  106  16:48  Marine  
  102  17:00  Marauder x2, Marine  
  102  17:01  Marauder, Marine x2  
  109  17:06  Marine  
  112  17:18  Marine  
  94  17:27  Marauder x3, Marine  
  70  17:44  Marine x3  
  70  17:45  Marine  
  70  17:48  Marauder x3  
  80  18:02  Marine  
  64  18:09  Ghost x2  
  64  18:10  Marauder  
  63  18:16  Marine  
  63  18:18  Marine x2  
  55  18:20  Marine  
  55  18:21  Widow Mine  
  56  18:31  Marauder  
  58  18:34  Marine  
  58  18:36  Marine  
  58  18:37  Command Center  
  58  18:38  Marauder x2  
  64  18:43  Widow Mine  
  66  18:51  Ghost  
  68  19:04  Widow Mine  
  68  19:08  Command Center  
Tags
 
Add a new tag
Caveats
  • Supply blocks, unpowered buildings, or Contaminate may cause inaccurate times.
  • Supply counts are checked every 10 seconds.